Map: 永恒梦境-天梯版

Players

Cyan

  • Race: Protoss Protoss

TIME (Oliveira) - Winner!

  • Race: Terran Terran

Event: DreamHack SC2 Masters 2020 Summer China

VOD

Have the link to the VOD?

Description

Time

  • Played on: July 5, 2020, 9:34 a.m.
  • Length: 20:11

All games in this series

Show
View Real Time Build Order
Export as new Build Order

Cyan Protoss 

Build Orders: 1 Gate Expand, Blink Stalkers, Chargelot Immortal 

Get SALT Encoding   

  12  0:00  Probe  
  13  0:12  Probe  
  14  0:18  Pylon  
  14  0:24  Probe  
  15  0:32  Probe  
  15  0:37  Gateway  
  15  0:40  Probe  
  16  0:46  Assimilator  
  17  0:51  Probe  
  18  1:03  Probe  
  19  1:15  Probe  
  20  1:25  Cybernetics Core  
  20  1:32  Nexus  
  20  1:35  Probe  
  21  1:43  Pylon  
  21  1:47  Probe  
  21  1:51  Assimilator  
  21  1:52  Adept, Warp Gate  
  22  1:59  Probe  
  25  2:11  Stalker  
  25  2:12  Probe  
  28  2:24  Probe  
  29  2:36  Probe  
  30  2:37  Gateway  
  30  2:40  Gateway  
  30  2:49  Stalker  
  32  2:54  Probe x2  
  34  3:06  Probe  
  34  3:07  Probe  
  34  3:09  Pylon  
  36  3:17  Probe  
  36  3:18  Probe  
  36  3:19  Twilight Council  
  38  3:25  Probe  
  38  3:26  Blink  
  38  3:30  Probe  
  38  3:33  Probe  
  40  3:40  Adept  
  40  3:41  Adept x2  
  47  3:43  Probe  
  47  3:45  Probe  
  49  3:51  Pylon  
  49  3:57  Probe  
  49  4:00  Probe  
  51  4:03  Adept  
  51  4:06  Pylon  
  54  4:11  Robotics Facility  
  54  4:13  Adept  
  54  4:14  Adept  
  54  4:16  Probe  
  58  4:17  Probe  
  58  4:21  Pylon  
  59  4:28  Probe  
  59  4:29  Probe  
  59  4:31  Assimilator  
  61  4:33  Assimilator  
  61  4:48  Probe x2  
  61  4:51  Pylon  
  63  4:56  Nexus  
  63  4:59  Warp Prism  
  63  5:00  Probe  
  63  5:04  Gateway  
  66  5:09  Gateway  
  66  5:11  Sentry  
  66  5:12  Sentry  
  69  5:18  Gateway  
  69  5:24  Templar Archives  
  69  5:27  Charge  
  69  5:34  Gateway  
  69  5:35  Gateway  
  69  5:42  Stalker x2  
  73  5:45  Observer  
  73  5:46  Stalker  
  76  5:51  Pylon  
  76  5:54  Psionic Storm  
  77  5:57  Probe x2  
  77  6:00  Pylon  
  78  6:22  Zealot, High Templar  
  78  6:23  Zealot x4  
  90  6:26  Shield Battery  
  90  6:29  Immortal, Shield Battery  
  90  6:36  High Templar  
  96  6:41  Probe x2  
  96  6:45  Observer  
  98  6:50  Zealot x4  
  106  7:01  Pylon  
  106  7:02  Pylon  
  106  7:03  Pylon  
  106  7:10  Zealot  
  108  7:19  Zealot x2  
  108  7:20  Zealot x4  
  100  7:40  Archon  
  100  7:41  Zealot x5  
  106  7:44  Zealot x2  
  106  7:50  Immortal  
  100  8:00  Zealot  
  100  8:03  Zealot x5  
  80  8:17  High Templar x2  
  80  8:18  Probe x3  
  87  8:22  High Templar x2  
  87  8:23  High Templar  
  93  8:29  Forge  
  93  8:30  Probe x2  
  93  8:32  Sentry, Forge  
  93  8:33  Immortal  
  97  8:40  High Templar x2  
  101  8:44  Probe x2, Protoss Ground Armor Level 1, Protoss Ground Weapons Level 1  
  101  8:46  Assimilator  
  107  8:49  Assimilator  
  107  8:51  Probe  
  108  8:56  Probe x2  
  108  8:57  Zealot x2  
  108  9:00  Observer  
  114  9:03  Probe, Warp Prism  
  117  9:31  Stalker x6  
  124  9:40  Immortal  
  118  9:46  Robotics Bay  
  118  9:47  Robotics Facility  
  114  9:57  Zealot x5  
  124  10:04  Zealot  
  126  10:13  Zealot x2  
  130  10:15  Observer  
  130  10:16  Nexus  
  131  10:33  Extended Thermal Lance  
  117  10:38  Zealot x5  
  125  10:47  Protoss Ground Weapons Level 2  
  123  10:53  Protoss Ground Armor Level 2  
  123  10:56  Pylon  
  123  10:57  Pylon  
  123  11:04  Pylon  
  123  11:07  Colossus  
  123  11:08  Colossus  
  123  11:12  Pylon  
  123  11:14  Cybernetics Core  
  111  11:34  Gateway  
  111  11:36  Gateway  
  111  11:38  High Templar  
  111  11:39  High Templar x4  
  121  11:45  Probe, Pylon  
  121  11:46  Archon x2  
  122  11:47  Gateway  
  122  11:48  Pylon  
  122  11:56  Colossus  
  119  12:16  Stalker x3  
  124  12:27  Colossus  
  124  12:33  Stalker  
  124  12:34  Stalker x2  
  136  12:39  Nexus  
  136  12:40  Pylon  
  136  12:42  Pylon  
  136  12:47  Archon  
  136  12:48  High Templar x2  
  136  12:49  Stalker x2  
  144  12:57  Stalker x4  
  152  12:58  Disruptor  
  155  13:15  Zealot  
  155  13:16  Zealot  
  155  13:19  Warp Prism  
  159  13:26  Probe x2  
  159  13:27  Probe  
  164  13:28  Protoss Ground Weapons Level 3  
  164  13:36  Disruptor  
  164  13:38  Probe  
  164  13:39  Probe x2  
  166  13:48  Protoss Ground Armor Level 3  
  164  13:54  Disruptor  
  167  13:56  Pylon  
  167  14:08  Gravitic Drive  
  167  14:12  Disruptor  
  170  14:19  Probe x2  
  170  14:20  Probe, Disruptor  
  170  14:23  Zealot  
  175  14:24  Zealot  
  175  14:25  Zealot x3  
  175  14:29  Probe  
  187  14:36  Probe x3  
  187  14:56  Pylon  
  181  15:01  Nexus  
  181  15:02  Pylon  
  179  15:10  Nexus  
  179  15:20  Disruptor  
  180  15:35  Disruptor  
  181  15:40  Dark Shrine  
  181  15:47  Assimilator  
  181  15:51  Pylon  
  181  15:53  Pylon  
  181  15:55  Pylon, Gravitic Boosters  
  180  16:01  Pylon  
  180  16:09  Disruptor  
  183  16:11  Observer  
  183  16:17  Zealot  
  155  16:34  Disruptor  
  131  16:40  Zealot  
  131  16:41  Zealot x6  
  131  16:45  Observer  
  82  16:55  Stalker  
  76  17:02  Stalker  
  76  17:03  Stalker x6  
  76  17:04  Disruptor  
  90  17:12  Assimilator, Disruptor  
  90  17:20  High Templar  
  95  17:32  Disruptor  
  92  17:39  Stalker x2, High Templar x4  
  92  17:41  Zealot  
  92  17:42  Disruptor  
  112  18:12  Zealot x3  
  116  18:13  Zealot x4  
  114  18:25  Nexus  
  109  19:02  High Templar  
  109  19:03  High Templar  
  109  19:06  Archon  
  113  19:10  Archon x2  
  113  19:12  High Templar  
  113  19:15  High Templar x2  
  113  19:16  Nexus  
Show
View Real Time Build Order
Export as new Build Order

TIME Terran - Winner!

Build Orders: Reaper Expand 

Get SALT Encoding   

  12  0:00  SCV  
  13  0:12  SCV  
  14  0:17  Supply Depot  
  14  0:25  SCV  
  15  0:38  SCV  
  15  0:40  Barracks  
  16  0:44  Refinery  
  16  0:50  SCV  
  17  1:03  SCV  
  18  1:15  SCV  
  19  1:28  Reaper  
  19  1:29  Orbital Command  
  20  1:43  Command Center  
  20  1:49  Supply Depot  
  20  1:54  SCV  
  20  2:00  Marine  
  22  2:06  SCV  
  23  2:10  Factory  
  23  2:18  SCV, Refinery  
  23  2:19  Marine  
  25  2:27  Bunker  
  25  2:30  SCV  
  26  2:38  Barracks Reactor  
  26  2:43  SCV  
  27  2:54  Widow Mine  
  27  2:57  Starport  
  29  2:58  Orbital Command  
  29  3:01  SCV  
  30  3:13  SCV  
  30  3:15  Factory Tech Lab  
  30  3:18  Marine x2  
  33  3:24  SCV  
  33  3:25  SCV  
  35  3:36  SCV, Marine x2  
  35  3:37  SCV  
  35  3:38  Supply Depot  
  35  3:40  Factory Tech Lab  
  39  3:42  Raven  
  41  3:48  SCV  
  41  3:49  SCV  
  43  3:59  Command Center  
  43  4:01  Marine  
  43  4:02  SCV x2  
  46  4:06  Siege Tank  
  49  4:10  Supply Depot  
  49  4:14  SCV x2  
  51  4:27  Barracks x2  
  51  4:28  SCV  
  49  4:41  Cyclone  
  49  4:44  SCV  
  53  4:45  SCV  
  53  4:50  Barracks Tech Lab  
  54  5:01  SCV x2, Engineering Bay  
  56  5:08  Refinery  
  56  5:12  Marine  
  56  5:13  SCV  
  58  5:14  Marine  
  58  5:16  Stimpack, Marine x2  
  58  5:17  Combat Shield  
  58  5:21  SCV  
  61  5:27  Orbital Command  
  61  5:29  Terran Infantry Weapons Level 1  
  61  5:30  Marine  
  61  5:32  Marine  
  61  5:33  SCV  
  61  5:35  Marine  
  65  5:38  SCV  
  66  5:43  Marine  
  66  5:45  SCV  
  66  5:47  Supply Depot  
  66  5:48  Marine  
  69  5:50  SCV, Starport Reactor  
  69  5:52  Factory Reactor  
  69  5:53  Marine x2  
  69  5:54  SCV  
  73  5:57  SCV  
  73  6:00  Barracks  
  73  6:02  Barracks  
  73  6:03  Marine  
  75  6:04  SCV  
  75  6:08  Orbital Command  
  75  6:09  Supply Depot, Refinery  
  75  6:10  Marine  
  75  6:11  Marine  
  77  6:13  SCV  
  77  6:16  Marine  
  80  6:20  SCV  
  80  6:21  Marauder  
  80  6:25  Missile Turret  
  83  6:28  Medivac  
  83  6:30  Medivac  
  87  6:33  Supply Depot  
  87  6:35  Widow Mine  
  87  6:36  Widow Mine, Marine x2  
  87  6:37  Marauder  
  93  6:47  Ghost Academy  
  93  6:49  Barracks Reactor  
  93  6:54  SCV x3  
  93  6:55  Marauder x2  
  93  6:58  Supply Depot  
  93  6:59  Marine  
  93  7:00  Supply Depot x2  
  101  7:14  Marine  
  101  7:18  Supply Depot  
  101  7:20  SCV x2, Widow Mine x2  
  101  7:21  SCV  
  101  7:22  Supply Depot  
  110  7:24  Ghost x2  
  110  7:26  Orbital Command  
  110  7:27  Ghost  
  114  7:35  SCV  
  102  7:38  SCV, Marine  
  102  7:40  Marine  
  102  7:42  Marine x2  
  102  7:44  Widow Mine x2  
  95  7:47  SCV  
  95  7:50  SCV  
  95  7:53  Medivac, Marauder  
  92  8:02  Marauder, Marine x2  
  92  8:04  Medivac  
  92  8:05  Hellion  
  77  8:10  Marine  
  77  8:11  SCV  
  72  8:16  SCV  
  72  8:18  Marine  
  72  8:19  Marine  
  74  8:22  Marine, Widow Mine  
  74  8:23  Marine  
  74  8:24  SCV  
  80  8:28  Terran Infantry Armor Level 1  
  80  8:30  Marine  
  80  8:31  Marine  
  80  8:32  SCV  
  83  8:34  Orbital Command  
  83  8:35  Widow Mine  
  83  8:38  SCV  
  83  8:40  Marine  
  87  8:42  Marine x2  
  87  8:44  Marine  
  90  8:50  Marine  
  90  8:51  SCV  
  90  8:52  SCV  
  90  8:55  Marine  
  96  8:56  Marauder  
  96  9:00  SCV  
  97  9:03  SCV, Ghost  
  97  9:04  SCV, Marine  
  102  9:12  SCV, Widow Mine x2  
  102  9:15  SCV  
  102  9:16  Marine  
  109  9:17  Supply Depot  
  109  9:37  Marauder  
  109  9:39  Marauder, Marine x4, Widow Mine  
  109  9:41  SCV, Supply Depot  
  109  9:43  SCV  
  117  9:48  SCV  
  117  9:49  Concussive Shells  
  116  9:53  SCV  
  116  9:54  Marine  
  116  9:55  SCV, Supply Depot  
  116  9:56  Marine  
  116  9:59  Medivac, Widow Mine  
  124  10:02  SCV  
  124  10:06  SCV, Supply Depot, Marine  
  127  10:09  SCV  
  127  10:13  Ghost  
  130  10:16  Ghost  
  130  10:19  Marine  
  133  10:21  SCV  
  133  10:22  SCV  
  132  10:33  SCV  
  127  10:37  Ghost  
  127  10:40  Armory, Engineering Bay  
  127  10:41  SCV, Supply Depot  
  127  10:42  SCV, Marine  
  131  10:43  Marine  
  131  10:49  SCV  
  128  10:53  SCV  
  128  10:54  SCV  
  130  10:59  Liberator x2  
  130  11:00  Widow Mine x2  
  140  11:04  SCV  
  140  11:05  Marauder, Marine x2  
  145  11:18  SCV  
  145  11:19  Ghost  
  145  11:21  SCV  
  145  11:23  Marine  
  145  11:24  Marauder  
  150  11:29  Ghost  
  150  11:31  SCV, Marine  
  148  11:33  Marine  
  148  11:34  Marine  
  148  11:38  Supply Depot  
  146  11:42  Viking, Terran Infantry Armor Level 2, Terran Infantry Weapons Level 2  
  146  11:45  Marauder  
  150  11:49  Marine x2  
  150  11:50  Marauder  
  150  11:54  Supply Depot  
  154  11:57  Refinery  
  154  11:58  Refinery  
  149  12:12  Ghost  
  149  12:13  Marine  
  144  12:16  Viking x2  
  144  12:18  Marauder x2, Marine  
  149  12:25  Marine  
  149  12:29  Enhanced Shockwaves  
  148  12:36  Sensor Tower  
  148  12:38  Ghost  
  148  12:39  SCV, Command Center  
  148  12:40  Marine  
  148  12:41  SCV  
  153  12:46  Marine x3  
  153  12:47  Marauder  
  153  12:49  SCV  
  159  12:54  Viking  
  159  12:55  Viking  
  163  12:59  Marauder  
  163  13:04  Bunker  
  165  13:07  Supply Depot  
  165  13:12  Marauder x2  
  169  13:19  Marine x2  
  170  13:26  Missile Turret x2  
  171  13:28  Missile Turret  
  171  13:33  Ghost  
  171  13:34  Marauder, Marine  
  171  13:35  Marauder  
  171  13:39  Marine  
  177  13:45  Marine x2  
  176  13:56  Marauder x2  
  176  13:59  Marine  
  176  14:01  Supply Depot  
  176  14:02  Supply Depot, Terran Infantry Weapons Level 3  
  181  14:10  Marine  
  181  14:12  Planetary Fortress  
  182  14:18  Marauder x2  
  182  14:20  SCV x2  
  182  14:23  Viking  
  190  14:25  Viking  
  190  14:29  Marine x2  
  194  14:31  Widow Mine  
  194  14:33  Widow Mine  
  198  14:43  Terran Infantry Armor Level 3  
  198  14:46  Marine  
  198  15:05  Marine x2  
  198  15:06  Ghost  
  181  15:07  Marine  
  181  15:08  Viking x2, Marauder  
  181  15:10  Ghost  
  181  15:11  Marine  
  191  15:21  Command Center  
  190  15:23  Marine x2  
  190  15:25  Marine  
  193  15:29  Marauder, Marine  
  196  15:36  Marauder  
  196  15:38  Viking  
  196  15:39  Refinery x2  
  196  15:41  Terran Ship Weapons Level 1  
  200  15:58  Barracks x2  
  200  15:59  Barracks  
  200  16:02  Marine  
  200  16:07  Missile Turret  
  200  16:08  Missile Turret  
  156  16:44  Marine x3  
  156  16:45  Marauder  
  156  16:46  Marine  
  140  16:47  Marauder  
  118  16:55  Marauder  
  118  16:56  Medivac  
  118  16:57  Widow Mine x2  
  118  16:59  Barracks Tech Lab  
  118  17:00  Barracks Reactor  
  123  17:01  Liberator  
  123  17:02  Marine x3  
  123  17:04  SCV  
  123  17:05  SCV  
  123  17:06  Marauder  
  133  17:11  Marauder, Marine  
  133  17:12  Barracks Tech Lab  
  136  17:17  SCV, Missile Turret  
  136  17:19  Widow Mine  
  136  17:20  SCV  
  138  17:31  Marine x2  
  138  17:32  Marauder  
  138  17:35  Medivac  
  138  17:36  Widow Mine  
  138  17:37  Ghost x2, Marauder, Marine x2  
  146  17:40  Planetary Fortress  
  146  17:43  Unknown, Command Center, Marine x2  
  156  17:48  Widow Mine  
  156  17:50  Marauder, Marine x2  
  162  17:52  Medivac  
  162  17:58  Marine x2  
  165  17:59  Marauder  
  158  18:13  Marine  
  158  18:14  Marauder  
  158  18:18  Medivac, Widow Mine x2  
  162  18:22  Medivac, Marine x3  
  162  18:23  Ghost x2, Marauder x2  
  162  18:24  Marine x2  
  156  18:32  Marine  
  152  18:35  Marauder  
  152  18:40  Marine x3  
  153  18:42  Widow Mine x2  
  153  18:43  Marine x2  
  153  18:44  Marauder x2  
  163  18:49  Marine  
  163  18:53  Marauder x2  
  166  18:56  Marine  
  166  18:57  Marine  
  166  18:58  Marine  
  166  18:59  Medivac x2  
  166  19:00  Marine  
  166  19:01  Marine  
  171  19:04  Ghost  
  171  19:05  Marauder  
  175  19:10  Marine  
  175  19:11  Marine  
  175  19:14  Marauder x2  
  179  19:27  Marine  
  179  19:29  Marauder, Marine x2  
  161  19:33  Marine  
  161  19:34  Marauder, Marine  
  161  19:37  Ghost x2, Marine  
  161  19:38  Marauder  
  153  19:44  Marine  
  148  19:46  Marine  
  148  19:47  Marine  
  148  19:52  Marine  
  147  19:54  SCV  
Tags
 
Add a new tag
Caveats
  • Supply blocks, unpowered buildings, or Contaminate may cause inaccurate times.
  • Supply counts are checked every 10 seconds.